 Dungeon Crawl Stone Soup version 0.27-a0-1595-g0b823d0a13 (webtiles) character file.

Game seed: 3139260698164633177

30 robertstho the Chiller (level 3, 0/16 HPs)
             Began as a Vine Stalker Ice Elementalist on July 20, 2021.
             Slain by a kobold (3 damage)
             ... on level 2 of the Dungeon.
             The game lasted 00:01:55 (1363 turns).

robertstho the Chiller (VSIE)                       Turns: 1363, Time: 00:01:55

Health: 0/16       AC:  2    Str: 10    XL:     3   Next: 20%
Magic:  0/7        EV: 12    Int: 16    God:
Gold:   24         SH:  0    Dex: 14    Spells: 5/6 levels left

rFire    . . .     SeeInvis .     - Unarmed
rCold    . . .     Faith    .   (no shield)
rNeg     . . .     Spirit   +   a - +0 robe
rPois    .         Reflect  .   (no helmet)
rElec    .         Harm     .   (no cloak)
rCorr    .         Rampage  .   (no gloves)
Will     .....                  (no boots)
Stlth    ++........             (no amulet)
HPRegen  0.05/turn              (no ring)
MPRegen  0.10/turn              (no ring)

@: lethally poisoned (0 -> -4)
A: fangs 2, magic shield, antimagic bite, no potion heal 2
a: no special abilities


You were on level 2 of the Dungeon.
You visited 1 branch of the dungeon, and saw 2 of its levels.

You collected 24 gold pieces.

Inventory:

Armour
 a - a +0 robe (worn)
Scrolls
 b - a scroll of teleportation {unknown}
 d - 2 scrolls of identify {unknown}
 e - a scroll of magic mapping {unknown}
 f - a scroll of amnesia {unknown}
Potions
 c - a potion of berserk rage {unknown}
 g - a potion of curing {unknown}


   Skills:
 + Level 1.6 Dodging
 + Level 2.8 Stealth
 + Level 1.3 Unarmed Combat
 + Level 2.3 Spellcasting
 + Level 4.4 Ice Magic


You had 5 spell levels left.
You knew the following spells:

 Your Spells              Type           Power      Damage    Failure   Level
a - Freeze                Ice            64%        1d8       3%          1

Your spell library contained the following spells:

 Spells                   Type           Power      Damage    Failure   Level
 Frozen Ramparts          Ice            32%        1d5       10%         3
 Ozocubu's Armour         Ice            16%        N/A       10%         3
 Beastly Appendage        Tmut           2%         N/A       21%         1
 Wereblood                Tmut           1%         N/A       30%         2
 Spider Form              Tmut/Pois      0%         N/A       52%         3
 Hailstorm                Conj/Ice       8%         3d4       63%         4


Dungeon Overview and Level Annotations

Branches:
Dungeon (2/15)

Altars:


Innate Abilities, Weirdness & Mutations

You have extremely sharp teeth.
When hurt, damage is shared between your health and your magic reserves.
Your bite disrupts and absorbs the magic of your enemies.
Potions cannot restore your health.


Message History

Casting: Freeze (safe; 3% risk of failure)
Confirm with . or Enter, or press ? or * to list all spells.
Aiming: Freeze (safe; 3% risk of failure)
Press: ? - help, Shift-Dir - straight line, f - adder
Aim: an adder You freeze the adder.
The adder is lightly wounded.
The kobold shouts!
The adder bites you but does no damage. The adder bites you.
Casting: Freeze (safe; 3% risk of failure)
Confirm with . or Enter, or press ? or * to list all spells.
Aiming: Freeze (safe; 3% risk of failure)
Press: ? - help, Shift-Dir - straight line, f/p - adder
Aim: an adder (lightly wounded)
You freeze the adder.
The adder is moderately wounded.
The adder bites you.
You are poisoned.
The adder poisons you!
Casting: Freeze (safe; 3% risk of failure)
Confirm with . or Enter, or press ? or * to list all spells.
Aiming: Freeze (safe; 3% risk of failure)
Press: ? - help, Shift-Dir - straight line, f/p - adder
Aim: an adder (moderately wounded)
You freeze the adder.
The adder is heavily wounded.
You feel sick. The adder bites you.
The kobold hits you with a +0 short sword.
* * * LOW HITPOINT WARNING * * *
Casting: Freeze (safe; 3% risk of failure)
Confirm with . or Enter, or press ? or * to list all spells.
Aiming: Freeze (safe; 3% risk of failure)
Press: ? - help, Shift-Dir - straight line, f/p - adder
Aim: an adder (heavily wounded)
You freeze the adder.
You kill the adder!
* * * LOW HITPOINT WARNING * * *
You feel sick.
The kobold hits you with a +0 short sword.
You die...

.......## ........##
.?.......# .........#
.# #. #. #.........# .#
... #. #.........# .#
...##.##.......K.# .#
...............@## .#
.................##.###
......................#
......................#
.......<..............#
......................#
###...#.........#######
########.....## #######


You could see a kobold.

Vanquished Creatures
  2 adders (D:2)
  4 ball pythons
  4 endoplasms (D:1)
  4 hobgoblins (D:1)
  2 bats (D:1)
  2 frilled lizards (D:1)
  A kobold (D:1)
  2 rats (D:1)
21 creatures vanquished.

Notes
Turn   | Place    | Note
-------+----------+-------------------------------------------
     0 | D:1      | robertstho the Vine Stalker Ice Elementalist began the
                  | quest for the Orb.
     0 | D:1      | Reached XP level 1. HP: 9/9 MP: 4/4
   194 | D:1      | Found a faded altar of an unknown god.
   232 | D:1      | Reached XP level 2. HP: 13/13 MP: 6/6
   800 | D:1      | Reached skill level 1 in Unarmed Combat
  1051 | D:2      | Reached XP level 3. HP: 7/16 MP: 0/7
  1363 | D:2      | Slain by a kobold

Illustrated notes

Levels and vault maps discovered:
D:1:      co_arrival_random_square_maze, layout_loops_ring,
          shapermc_ecumenical_altar_hornbeckon, kennysheep_crisscross
D:2:      layout_rooms

Skill      XL: |  1  2 |
---------------+-------+-----
Unarmed Combat | 1 |  1.3
Dodging        | |  1.6
Stealth        | |  2.8
Spellcasting   | |  2.3
Ice Magic      | |  4.4

Action                   || total
-------------------------++-------
Melee: Unarmed           ||    67
       Bite              ||    18
 Cast: Freeze            ||     7
 Stab: Sleeping          ||     6
Armor: Robe              ||     8
Dodge: Dodged            ||    47

Table legend: (Time is in decaauts)
 A = Elapsed time spent in this place.
 B = Non-inter-level travel time spent in this place.
 C = Inter-level travel time spent in this place.
 D = Time resting spent in this place.
 E = Time spent auto-exploring this place.
 F = Levels seen in this place.
 G = Mean time per level.
                   A        B        C        D        E       F      G
               +--------+--------+--------+--------+--------+-----+--------+
         Total |   1369 |   1329 |     40 |    278 |    886 |   2 |  684.5 |
       Dungeon |   1369 |   1329 |     40 |    278 |    886 |   2 |  684.5 |
               +--------+--------+--------+--------+--------+-----+--------+

Top non-repeatable levels by time:
     D:1: 1041 daAuts
     D:2: 327 daAuts
